 Dungeon Crawl Stone Soup version 0.14.0-6-g1bc2dff (webtiles) character file.

111 Ragg the Digger (level 2, 0/26 HPs)
             Began as a Troll Earth Elementalist on Apr 12, 2014.
             Succumbed to a gnoll's poison
             ... on Level 2 of the Dungeon.
             The game lasted 00:03:00 (680 turns).

Ragg the Digger (Troll Earth Elementalist)           Turns: 680, Time: 00:03:00

HP   0/26        AC  5     Str 15      XL: 2   Next: 37%
MP   2/2         EV 10     Int 11      God:
Gold 95          SH  0     Dex 10      Spells:  2 memorised,  0 levels left

rFire  . . .     SeeInvis .     (no weapon)
rCold  . . .     Clarity  .     l - +0 robe
rNeg   . . .     Conserve .     (shield restricted)
rPois  .         rCorr    .     (helmet restricted)
rElec  .         rRot     .     (no cloak)
SustAb . .       Spirit   .     (gloves unavailable)
rMut   .         Warding  .     (boots unavailable)
Gourm  +         Stasis   .     (no amulet)
MR     .....                    (no ring)
                                (no ring)

@: lethally poisoned, not resistant to hostile enchantments, unstealthy
A: unfitting armour, claws 3, fast metabolism 3, gourmand, regeneration 2,
saprovore 2, shaggy fur 1, tough skin 2
a: no special abilities


You were on level 2 of the Dungeon.
You were not hungry.

You visited 1 branch of the dungeon, and saw 2 of its levels.

You collected 95 gold pieces.

Inventory:

Missiles
 b - 37 stones (quivered)
Armour
 l - a +0 robe (worn)
 n - a +0 large shield
Comestibles
 a - 3 meat rations
 h - a bread ration
Scrolls
 c - a scroll of noise {unknown}
 f - a scroll of teleportation {unknown}
 g - a scroll of identify {unknown}
 m - a scroll of blinking {unknown}
Potions
 e - a potion of decay {unknown}
 i - 2 potions of flight {unknown}
 j - a potion of mutation {unknown}
 k - a potion of haste {unknown}
Books
 d - a book of Geomancy

   Spells                             Type                      Level
   *Sandblast                         Earth                        1
   *Stoneskin                         Transmutation/Earth          2
   Passwall                           Transmutation/Earth          3
   Stone Arrow                        Conjuration/Earth            3
   Petrify                            Transmutation/Earth          4
   Lee's Rapid Deconstruction         Earth                        5


   Skills:
 + Level 0.4 Fighting
 + Level 1.9 Dodging
 - Level 1.1 Stealth
 + Level 0.6 Unarmed Combat
 + Level 1.2 Spellcasting
 + Level 0.6 Transmutations
 + Level 2.9 Earth Magic


You couldn't memorise any spells.
You knew the following spells:

 Your Spells              Type           Power        Failure   Level  Hunger
a - Sandblast             Erth           #.....       12%         1    ##.....
b - Stoneskin             Trmt/Erth      #.........   24%         2    ###....


Dungeon Overview and Level Annotations

Branches:
Dungeon (2/15)

Altars:


Innate Abilities, Weirdness & Mutations

You are too large for most types of armour.
You have claws for hands.
Your metabolism is lightning-fast.
You like to eat raw meat.
You heal very quickly.
You can eat rotten meat.
You are covered in fur (AC +1).
You have very tough skin (AC +2).


Message History

Okay, then.
Wear which item? (? for menu, Esc to quit)
Keep equipping yourself?
You start putting on your armour.
You continue putting on your large shield.
The gnoll hits you from afar with a glowing spear.
You are poisoned.
You continue putting on your large shield.
You feel sick.
The gnoll hits you from afar with a spear of chaos.
The gnoll burns you.
You continue putting on your large shield.
You feel sick.
The gnoll hits you from afar with a spear of chaos.
You continue putting on your large shield.
The gnoll hits you from afar with a spear of chaos!
* * * LOW HITPOINT WARNING * * *
You are more poisoned.
You continue putting on your large shield.
You die...

) .# .# .# #
###.#.#
##...#.#
##.g....#
#.......#
#.@.<...#
#.........[..
##.....#.###
........#.#
#########.#
##


You could see a gnoll.

Vanquished Creatures
  3 bats (D:1)
  A giant cockroach (D:1)
  3 hobgoblins (D:1)
  A ball python (D:1)
  A giant newt (D:1)
  A goblin (D:1)
  3 kobolds (D:1)
  3 rats (D:1)
16 creatures vanquished.

Notes
Turn   | Place    | Note
--------------------------------------------------------------
     0 | D:1      | Ragg, the Troll Earth Elementalist, began the quest for the Orb.
     0 | D:1      | Reached XP level 1. HP: 16/16 MP: 2/2
     0 | D:1      | Noticed an iron imp
     0 | D:1      | Noticed an iron imp
     2 | D:1      | Noticed Detell the pandemonium lord
     5 | D:1      | Noticed an Executioner
     7 | D:1      | Noticed a sun demon
    22 | D:1      | Noticed a red devil
    24 | D:1      | Noticed a hell beast
   447 | D:1      | Reached XP level 2. HP: 12/24 MP: 2/2
   552 | D:1      | Learned a level 2 spell: Stoneskin
   679 | D:2      | HP: 1/26 [gnoll/spear of chaos (7)]
   680 | D:2      | Succumbed to a gnoll's poison

Action                   || total
-------------------------++-------
Melee: Unarmed           ||    53
